Map: Dusk Towers

Players

capac

  • Race: Terran Terran
  • League: Gold

A.I. 1 (Very Hard)

  • Race: Protoss Protoss

VOD

Have the link to the VOD?

Description

Time

  • Played on: Nov. 30, 2015, 5:26 p.m.
  • Length: 7:04
Show
View Real Time Build Order
Export as new Build Order

capac Terran 

Build Orders:  

Get SALT Encoding   

  12  0:01  SCV  
  13  0:13  SCV  
  14  0:20  Supply Depot  
  14  0:25  SCV  
  15  0:42  SCV  
  16  0:44  Barracks  
  16  0:54  SCV  
  17  0:57  Refinery  
  17  1:06  SCV  
  18  1:18  SCV  
  19  1:30  SCV  
  19  1:32  Marine  
  20  1:39  Command Center  
  22  1:50  Marine  
  22  1:52  Supply Depot  
  22  1:53  Orbital Command  
  22  2:08  Factory  
  22  2:09  Marine  
  23  2:21  Barracks  
  23  2:24  SCV  
  23  2:28  Marine  
  25  2:36  SCV  
  26  2:44  Refinery  
  26  2:46  Marine  
  26  2:50  SCV  
  28  2:52  Orbital Command  
  28  3:02  Starport  
  28  3:03  Marine  
  29  3:07  SCV  
  29  3:12  Barracks Tech Lab  
  30  3:18  Barracks  
  30  3:21  Marine  
  30  3:26  SCV  
  32  3:29  SCV  
  33  3:35  Stimpack  
  33  3:36  Marauder  
  33  3:38  Starport Reactor  
  35  3:44  SCV x2  
  35  3:45  Marine  
  38  3:56  SCV x2  
  38  3:57  Marauder  
  42  4:03  Marine  
  42  4:06  Barracks Reactor  
  42  4:07  Barracks Tech Lab  
  42  4:08  SCV  
  44  4:14  Supply Depot  
  44  4:18  Supply Depot, Medivac  
  46  4:25  Medivac  
  48  4:33  Marauder  
  48  4:35  Barracks Reactor, SCV x2  
  48  4:38  Refinery  
  52  4:39  Supply Depot  
  52  4:40  Refinery  
  52  4:42  Supply Depot  
  52  4:46  Marauder  
  52  4:48  Concussive Shells  
  52  4:51  Widow Mine  
  56  4:53  SCV x2  
  58  5:10  Liberator  
  58  5:12  Marine x2  
  58  5:14  Marauder x2  
  64  5:17  SCV x2  
  64  5:20  Widow Mine  
  71  5:29  SCV x2  
  71  5:30  Marine x2  
  71  5:33  Supply Depot  
  75  5:41  SCV  
  75  5:42  SCV  
  77  5:48  Widow Mine, Marine  
  83  5:51  Marauder  
  83  5:53  Marauder  
  83  5:54  SCV x2  
  86  6:06  SCV x2  
  86  6:08  Supply Depot x2  
  86  6:09  Marine  
  86  6:10  Marine  
  90  6:23  Marine x2  
  92  6:27  Medivac  
  92  6:29  Widow Mine  
  92  6:30  Medivac  
  92  6:31  Supply Depot  
  98  6:37  Supply Depot  
Show
View Real Time Build Order
Export as new Build Order

A.I. 1 (Very Hard) Protoss 

Build Orders: 1 Gate Expand 

Get SALT Encoding   

  12  0:01  Probe (Chrono Boost)  
  13  0:11  Probe (Chrono Boost)  
  14  0:19  Pylon  
  14  0:22  Probe (Chrono Boost)  
  15  0:38  Probe (Chrono Boost)  
  16  0:47  Assimilator  
  16  0:48  Probe (Chrono Boost)  
  17  0:50  Gateway  
  17  0:59  Probe (Chrono Boost)  
  17  1:00  Pylon  
  18  1:09  Probe (Chrono Boost)  
  19  1:20  Probe (Chrono Boost)  
  20  1:30  Probe (Chrono Boost)  
  21  1:36  Zealot  
  23  1:42  Probe (Chrono Boost)  
  23  1:44  Nexus  
  24  1:53  Probe (Chrono Boost)  
  25  1:59  Cybernetics Core  
  25  2:04  Probe (Chrono Boost)  
  26  2:15  Probe (Chrono Boost)  
  27  2:25  Probe (Chrono Boost)  
  27  2:26  Pylon  
  28  2:31  Warp Gate  
  28  2:36  Probe (Chrono Boost), Stalker  
  29  2:39  Gateway  
  29  2:42  Assimilator  
  31  2:48  Probe (Chrono Boost)  
  32  2:59  Probe (Chrono Boost)  
  32  3:00  Pylon  
  32  3:03  Probe (Chrono Boost)  
  32  3:04  Adept  
  37  3:13  Probe (Chrono Boost)  
  37  3:15  Probe (Chrono Boost)  
  38  3:23  Stargate  
  38  3:24  Adept  
  38  3:26  Probe (Chrono Boost)  
  42  3:27  Probe (Chrono Boost)  
  42  3:30  Adept  
  44  3:37  Probe (Chrono Boost)  
  44  3:38  Probe (Chrono Boost)  
  47  3:49  Probe (Chrono Boost)  
  47  3:50  Adept  
  47  3:51  Probe (Chrono Boost)  
  50  3:57  Stargate  
  50  4:00  Probe (Chrono Boost)  
  50  4:02  Probe (Chrono Boost)  
  52  4:10  Zealot  
  52  4:11  Void Ray  
  58  4:17  Pylon  
  58  4:19  Probe (Chrono Boost)  
  58  4:20  Probe (Chrono Boost)  
  58  4:21  Zealot  
  62  4:28  Pylon  
  62  4:40  Void Ray  
  66  4:47  Probe x2 (Chrono Boost)  
  68  4:53  Pylon  
  68  4:58  Probe x2 (Chrono Boost)  
  70  5:04  Pylon  
  70  5:07  Gateway  
  70  5:09  Void Ray  
  74  5:18  Probe (Chrono Boost), Adept  
  74  5:20  Probe (Chrono Boost)  
  78  5:25  Pylon  
  78  5:40  Twilight Council  
  78  5:41  Assimilator  
  78  5:43  Assimilator  
  78  5:57  Gateway  
  79  6:04  Probe (Chrono Boost)  
  79  6:06  Probe (Chrono Boost)  
  80  6:15  Probe (Chrono Boost)  
  80  6:16  Pylon  
  81  6:19  Templar Archives  
  81  6:31  Zealot, Stalker  
  85  6:33  Forge  
  85  6:36  Stalker, Forge  
  87  6:49  Stalker  
  87  6:53  Zealot x2  
  93  6:56  High Templar  
  93  6:59  Nexus, Pylon  
Tags
 
Add a new tag
Caveats
  • Supply blocks, unpowered buildings, or Contaminate may cause inaccurate times.
  • Supply counts are checked every 10 seconds.